 Dungeon Crawl Stone Soup version 0.22-a0-223-g0f5d773 (webtiles) character file.

137524 kuniqs the Tortoise (level 16, -17/151 HPs)
             Began as a Minotaur Fighter on Feb 18, 2018.
             Was the Champion of Makhleb.
             Killed from afar by a nagaraja (38 damage)
             ... with an orb of energy
             ... on level 2 of the Snake Pit.
             The game lasted 00:43:59 (26578 turns).

kuniqs the Tortoise (Minotaur Fighter)             Turns: 26578, Time: 00:44:00

Health: -17/151    AC: 32    Str: 25    XL:     16   Next: 69%
Magic:  19/19      EV: 13    Int:  7    God:    Makhleb [******]
Gold:   2336       SH: 15    Dex: 16    Spells: 15/15 levels left

rFire    + . .     SeeInvis +   S - +5 war axe
rCold    + . .     Gourm    .   J - +0 shield {reflect}
rNeg     . . .     Faith    .   Q - +4 plate armour {rF+}
rPois    .         Spirit   .   L - +1 hat {SInv}
rElec    .         Reflect  +   v - +1 cloak
rCorr    .         Harm     .   a - +4 pair of gloves of Baldness {rC+ Int+2}
MR       +....                  k - +0 pair of boots
Stlth    ..........             (no amulet)
HPRegen  0.35/turn              N - ring of Idealism {+Fly Str+3}
MPRegen  0.16/turn              (no ring)

@: constricted
A: retaliatory headbutt, horns 2
a: Minor Destruction, Lesser Servant of Makhleb, Major Destruction, Greater
Servant of Makhleb, Renounce Religion, Evoke Flight


You were on level 2 of the Snake Pit.
You worshipped Makhleb.
Makhleb was exalted by your worship.
You were hungry.

You visited 5 branches of the dungeon, and saw 26 of its levels.
You visited the Abyss 1 time.
You also visited: Volcano.

You collected 2924 gold pieces.
You spent 588 gold pieces at shops.

Inventory:

Hand Weapons
 o - a +1 scimitar of flaming
 S - a +5 war axe (weapon)
Armour
 a - the +4 pair of gloves of Baldness (worn) {rC+ Int+2}
   (You acquired it on level 13 of the Dungeon)

   It affects your intelligence (+2).
   It protects you from cold.
 k - a +0 pair of boots (worn)
 v - a +1 cloak (worn)
 J - a +0 shield of reflection (worn)
 L - a +1 hat of see invisible (worn)
 Q - a +4 plate armour of fire resistance (worn)
Jewellery
 N - the ring of Idealism (left hand) {+Fly Str+3}
   (You took it off an orc warrior on level 11 of the Dungeon)

   [ring of flight]

   It affects your strength (+3).
   It lets you fly.
 O - an uncursed ring of fire
Wands
 n - a wand of random effects (62)
 q - a wand of digging (3)
 u - a wand of flame (95)
 A - a wand of iceblast (4)
 C - a wand of paralysis (47)
 E - a wand of enslavement (11)
 G - a wand of polymorph (27)
Scrolls
 e - 2 scrolls of holy word
 h - 3 scrolls of enchant weapon
 i - 2 scrolls of fog {unknown}
 j - 8 scrolls of remove curse {@r2}
 p - 10 scrolls of teleportation
 s - 2 scrolls of immolation
 w - a scroll of brand weapon {unknown}
 x - 4 scrolls of magic mapping
 y - 2 scrolls of silence {unknown}
 B - 5 scrolls of blinking
 F - 6 scrolls of enchant armour {unknown}
 K - 2 scrolls of fear {unknown}
 R - 2 scrolls of summoning {unknown}
Potions
 d - 8 potions of might
 g - 3 potions of haste
 l - 3 potions of agility
 m - 3 potions of ambrosia
 r - 2 potions of resistance
 t - 5 potions of flight
 z - 3 potions of lignification
 D - 9 potions of heal wounds
 H - 4 potions of mutation
 I - a potion of cancellation {unknown}
 M - 3 potions of berserk rage
 T - 3 potions of curing {@q1}
 U - 2 potions of invisibility
Comestibles
 f - 44 rations


   Skills:
 + Level 15.8 Fighting
 + Level 15.8 Axes
 + Level 16.0 Armour
 + Level 14.3 Dodging
 + Level 15.8 Shields
 - Level 6.0 Invocations


You had 15 spell levels left.
You didn't know any spells.

Dungeon Overview and Level Annotations

Branches:
Dungeon (15/15)            Temple (1/1) D:7            Lair (6/6) D:8
  Swamp (0/4) Lair:4        Snake (2/4) Lair:4        Slime (0/5) Lair:6
    Orc (2/2) D:11            Elf (0/3) Orc:2        Vaults (0/5) D:13
 Depths (0/5) D:15

Altars:
Ashenzari
Cheibriados
Dithmenos
Elyvilon
Fedhas
Gozag
Hepliaklqana
Kikubaaqudgha
Makhleb
Nemelex Xobeh
Okawaru
Qazlal
Ru
Sif Muna
Trog
Uskayaw
Vehumet
Wu Jian
Xom
Yredelemnul
Zin
The Shining One
Beogh

Shops:
D:8 *   Orc:2 [(*=

Annotations:
D:6 Prince Ribbit
Lair:6 1 runed door


Innate Abilities, Weirdness & Mutations

You reflexively headbutt those who attack you in melee.
You have a pair of horns on your head.


Message History

You barely miss the nagaraja. Your headbutt misses the nagaraja.
You feel sick.
The nagaraja hits you but does no damage.
The nagaraja constricts you.
You hit the nagaraja.
You feel sick.
The nagaraja gestures at you while chanting.
The bolt of poison hits you!
You are more poisoned.
* * * LOW HITPOINT WARNING * * *
The nagaraja constricts you.
You closely miss the nagaraja.
* * * LOW HITPOINT WARNING * * *
You feel sick. The nagaraja casts a spell at you. The orb of energy hits you!
* * * LOW HITPOINT WARNING * * *
The orb of energy explodes!
The nagaraja constricts you.
You feel better.
The nagaraja gestures at you while chanting.
The orb of energy hits you!
You die...

.?.......###.#
.........# ###
#.....# ........##
##.....# ........#
#......# ........#
##......# ........#
####.......#
........#
#..........#
........###......N..#
...........†)...@...#
.......####.........#
......## #.........#
......# #..........#
(.....# ##.........#
......# #.........#
....>.# #)........#
...... ##....[...#


You could see a nagaraja.

Vanquished Creatures
  Vashnia (Snake:2)
  Rupert (Lair:6)
  Donald (Snake:2)
  An orc warlord (Orc:2)
  Azrael (D:14)
  5 vault guards (D:13)
  13 hydras
  A catoblepas (D:13)
  2 death knights
  An anaconda (Snake:2)
  8 two-headed ogres
  A dancing weapon (Volcano)
  An alligator (Lair:6)
  5 centaur warriors
  3 orc high priests
  Urug (Orc:2)
  10 naga sharpshooters
  2 skeletal warriors (D:14)
  4 unseen horrors
  3 lindwurms (Lair:6)
  2 phantasmal warriors (D:14)
  The ghost of kegs the Cleaver, a novice HOFi of Okawaru (D:5)
  3 orc knights
  6 wizards
  A necromancer (D:15)
  3 deep elf magi
  12 ugly things
  3 mana vipers
  A wolf spider (Lair:6)
  5 toenail golems (Volcano)
  3 cyclopes
  4 orc sorcerers
  15 elephants
  5 manticores
  A worldbinder (Abyss:2)
  5 torpor snails (Lair:6)
  Maurice (D:8)
  A smoke demon (Abyss:2)
  2 guardian serpents
  21 black mambas
  5 naga magi
  13 spiny frogs
  3 centaur skeletons (D:15)
  A gargoyle (D:12)
  A kobold demonologist (D:13)
  2 rime drakes
  2 komodo dragons
  2 efreet
  4 yaktaurs
  A queen bee (Lair:3)
  An ancient zyme (Abyss:2)
  4 trolls
  A polar bear (Lair:3)
  6 tyrant leeches
  A dream sheep (Lair:6)
  10 hornets
  8 blink frogs
  11 slime creatures
  7 hippogriffs
  A ynoxinul (Abyss:2)
  2 small abominations (Abyss:2)
  3 wraiths
  11 wyverns
  44 yaks
  2 redbacks (Lair:6)
  3 fire elementals (D:14)
  5 hogs
  A human (D:7)
  A hungry ghost (D:10)
  11 basilisks
  A steam dragon (D:7)
  The ghost of p0werm0de the Conjurer, an amateur DsFE of Makhleb (D:3)
  An acid dragon (D:11)
  11 nagas
  12 vampire mosquitoes
  3 wargs (Orc:1)
  A swamp worm (Lair:4)
  A naga (shapeshifter) (D:15)
  34 water moccasins
  A hell hound (D:14)
  A swamp drake (D:10)
  10 porcupines
  A hornet zombie (D:15)
  31 orc warriors
  6 sky beasts
  5 ice beasts
  3 phantoms
  3 eyes of draining
  12 wolves
  4 necrophages
  13 centaurs
  11 ogres
  14 crocodiles
  A big kobold (D:14)
  26 bullfrogs
  Blork the orc (Orc:2)
  2 wyvern skeletons
  8 scorpions
  39 killer bees
  A howler monkey (D:4)
  8 wights
  4 centaur zombies
  2 bullfrog zombies
  11 crimson imps
  11 hounds
  5 jellies
  3 quasits
  Crazy Yiuf (D:3)
  2 bullfrog skeletons
  20 orc priests
  An iron imp (D:10)
  An iguana (D:6)
  Terence (D:2)
  22 orc wizards
  5 worker ants
  A hound skeleton (D:10)
  Robin (D:2)
  4 gnolls
  A howler monkey skeleton (D:4)
  15 adders
  5 shadow imps
  A white imp (D:10)
  4 oozes
  3 adder skeletons
  2 worms
  3 dart slugs
  10 leopard geckos
  81 orcs
  11 bats
  7 giant cockroaches
  8 hobgoblins
  3 jackals (D:6)
  12 kobolds
  6 quokkas
  9 frilled lizards
  22 goblins
  A quokka skeleton (D:4)
  A quokka zombie (D:6)
  8 rats
  2 butterflies (Lair:4)
  6 fungi
  A lurking horror (Abyss:2)
  4 plants (Lair:6)
914 creatures vanquished.

Vanquished Creatures (collateral kills)
  Kirke (Lair:4)
  A hydra (Lair:4)
  A black mamba (Lair:4)
  A hog (Lair:4)
  A crocodile (Lair:4)
5 creatures vanquished.

Vanquished Creatures (others)
  A sky beast (D:8)
  A black bear (D:8)
  A killer bee (D:8)
  A wight (D:15)
  An iguana (D:8)
  An adder (D:8)
  A giant cockroach (D:8)
  A jackal zombie (D:8)
  11 fungi
  18 plants
37 creatures vanquished.

Grand Total: 956 creatures vanquished

Notes
Turn   | Place    | Note
-------+----------+-------------------------------------------
     0 | D:1      | kuniqs the Minotaur Fighter began the quest for the Orb.
     0 | D:1      | Reached XP level 1. HP: 19/19 MP: 0/0
   117 | D:1      | Reached XP level 2. HP: 27/27 MP: 1/1
   225 | D:1      | Reached skill level 1 in Dodging
   257 | D:1      | Reached skill level 4 in Armour
   257 | D:1      | Reached XP level 3. HP: 33/33 MP: 2/2
   928 | D:2      | Reached XP level 4. HP: 40/40 MP: 3/3
   996 | D:2      | Noticed Robin
  1184 | D:2      | Killed Robin
  1459 | D:2      | Found a sparkling altar of Nemelex Xobeh.
  1688 | D:2      | Noticed Terence
  1706 | D:2      | Killed Terence
  1706 | D:2      | Reached XP level 5. HP: 40/47 MP: 4/4
  1928 | D:3      | Noticed p0werm0de's ghost (amateur DsFE)
  1938 | D:3      | Killed p0werm0de's ghost
  1938 | D:3      | Reached skill level 5 in Armour
  1938 | D:3      | Reached skill level 5 in Shields
  1938 | D:3      | Reached XP level 6. HP: 14/55 MP: 5/5
  2110 | D:3      | Found a runed door.
  2415 | D:3      | Found a faded altar of an unknown god.
  2597 | D:3      | Reached skill level 5 in Fighting
  2945 | D:3      | Noticed Crazy Yiuf
  2949 | D:3      | Killed Crazy Yiuf
  3239 | D:4      | Found a sacrificial altar of Ru.
  3350 | D:4      | Reached XP level 7. HP: 57/61 MP: 6/6
  3718 | D:5      | Entered Level 5 of the Dungeon
  3741 | D:5      | Reached skill level 5 in Axes
  3824 | D:5      | Noticed kegs's ghost (novice HOFi)
  3828 | D:5      | Reached skill level 6 in Armour
  3885 | D:6      | Reached XP level 8. HP: 70/70 MP: 7/7
  4179 | D:6      | Noticed Prince Ribbit
  4297 | D:6      | Found an ornate altar of the Wu Jian Council.
  4825 | D:7      | Reached skill level 5 in Dodging
  5045 | D:7      | Found a staircase to the Ecumenical Temple.
  5049 | D:7      | Reached skill level 7 in Armour
  5058 | Temple   | Entered the Ecumenical Temple
  5385 | D:7      | Found a shimmering altar of Xom.
  5595 | D:7      | Reached XP level 9. HP: 16/79 MP: 8/8
  5977 | D:7      | Reached skill level 8 in Armour
  6691 | D:5      | Killed kegs's ghost
  7143 | D:8      | Found Vediopocs's Assorted Antiques.
  7146 | D:8      | Bought a scroll labeled YTRURAUDWA for 32 gold pieces
  7199 | D:8      | Reached XP level 10. HP: 69/90 MP: 9/9
  7402 | D:8      | Noticed a two-headed ogre
  7412 | D:8      | Killed a two-headed ogre
  7415 | D:8      | Reached skill level 9 in Armour
  7418 | D:8      | HP: 2/91 [killer bee (7)]
  7827 | D:8      | Noticed Maurice
  7828 | D:8      | Noticed a two-headed ogre
  7852 | D:8      | Killed a two-headed ogre
  8078 | D:8      | Killed Maurice
  8335 | D:8      | Found a staircase to the Lair.
  8391 | D:8      | Reached XP level 11. HP: 75/99 MP: 0/10
  8570 | D:8      | Bought a glowing scale mail for 224 gold pieces
  8616 | D:8      | Found a shimmering altar of Xom.
  8634 | D:8      | Found a hazy altar of Hepliaklqana.
  8634 | D:8      | Found a snail-covered altar of Cheibriados.
  8853 | D:8      | Found a glowing silver altar of Zin.
  8853 | D:8      | Found a stormy altar of Qazlal.
  8874 | D:8      | Got a jewelled whip
  9053 | D:9      | Reached skill level 10 in Armour
  9058 | D:9      | Reached skill level 10 in Fighting
  9067 | D:9      | Reached skill level 10 in Shields
  9456 | D:9      | Noticed a death knight
  9685 | D:10     | Entered Level 10 of the Dungeon
  9970 | D:10     | Noticed a two-headed ogre
  9983 | D:10     | Killed a two-headed ogre
  9983 | D:10     | Reached skill level 10 in Axes
 10232 | D:10     | Noticed a deep elf mage
 10245 | D:10     | Killed a deep elf mage
 10249 | D:10     | Noticed a deep elf mage
 10262 | D:10     | Killed a deep elf mage
 10966 | D:11     | Noticed a brown ugly thing
 10976 | D:11     | Killed a brown ugly thing
 11356 | D:11     | Reached skill level 11 in Armour
 11436 | D:11     | Found a roughly hewn altar of Beogh.
 11436 | D:11     | Found a staircase to the Orcish Mines.
 11564 | D:11     | Got a vibrating silver ring
 11568 | D:11     | Identified the ring of Idealism {+Fly Str+3} (You took it off an orc warrior on level 11 of the Dungeon)
 11614 | D:11     | Found a white marble altar of Elyvilon.
 11621 | D:11     | Noticed an eight-headed hydra
 11628 | D:11     | Killed an eight-headed hydra
 11916 | D:11     | Reached XP level 12. HP: 104/110 MP: 11/11
 12149 | D:9      | Killed a death knight
 12199 | D:9      | Found a radiant altar of Vehumet.
 12394 | D:9      | Noticed a frost giant
 12394 | D:9      | Noticed a stone giant
 12990 | D:12     | Reached skill level 10 in Dodging
 13085 | D:12     | Noticed a two-headed ogre
 13440 | D:12     | Killed a two-headed ogre
 13606 | D:12     | HP: 3/111 [red ugly thing (20)]
 13997 | D:8      | Found a burning altar of Makhleb.
 14006 | D:8      | Became a worshipper of Makhleb the Destroyer
 14059 | Lair:1   | Entered Level 1 of the Lair of Beasts
 14271 | Lair:1   | Reached skill level 1 in Invocations
 14279 | Lair:1   | Reached skill level 12 in Armour
 14280 | Lair:1   | Noticed a four-headed hydra
 14714 | Lair:1   | Killed a one-headed hydra
 14736 | Lair:1   | Reached * piety under Makhleb
 14765 | Lair:1   | Identified a scroll of acquirement
 14902 | Lair:1   | Reached XP level 13. HP: 85/118 MP: 13/13
 14931 | Lair:1   | Found the +8 whip "Snakebite" {curare, rPois}
 15268 | Lair:1   | HP: 4/118 [porcupine's spines (13)]
 15687 | Lair:2   | Found a dark tunnel.
 15697 | Volcano  | Entered a volcano
 15876 | Volcano  | Cast into level 2 of the Abyss (a wizard)
 15877 | Abyss:2  | Found a corrupted altar of Lugonu.
 15899 | Abyss:2  | Reached ** piety under Makhleb
 15963 | Abyss:2  | Noticed an ironheart preserver
 16075 | Abyss:2  | Noticed a tentacled starspawn
 16168 | Abyss:2  | Found a corrupted altar of Lugonu.
 16175 | Volcano  | Escaped the Abyss
 17150 | Lair:3   | Reached skill level 13 in Armour
 17538 | Lair:3   | Reached *** piety under Makhleb
 17905 | Lair:4   | Reached skill level 5 in Invocations
 17924 | Lair:4   | Found a staircase to the Snake Pit.
 17933 | Lair:4   | Reached XP level 14. HP: 126/129 MP: 16/16
 17970 | Lair:4   | Reached **** piety under Makhleb
 18234 | Lair:4   | Noticed Kirke
 18275 | Lair:4   | Killed Kirke
 18469 | Lair:4   | Found a staircase to the Swamp.
 19465 | Lair:6   | Entered Level 6 of the Lair of Beasts
 19700 | Lair:6   | Reached ***** piety under Makhleb
 20055 | Lair:6   | Reached skill level 14 in Armour
 20186 | Lair:6   | Noticed Rupert
 20200 | Lair:6   | Killed Rupert
 20251 | Lair:6   | Found a staircase to the Slime Pits.
 20462 | Lair:6   | Reached XP level 15. HP: 102/138 MP: 18/18
 20530 | Lair:6   | Found a runed door.
 20587 | Lair:6   | Paralysed by a hornet for 2 turns
 21094 | Orc:1    | Entered Level 1 of the Orcish Mines
 21364 | Orc:1    | Found a roughly hewn altar of Beogh.
 21528 | Orc:2    | Entered Level 2 of the Orcish Mines
 21727 | Orc:2    | Reached ****** piety under Makhleb
 21939 | Orc:2    | Found a staircase to the Elven Halls.
 21943 | Orc:2    | Noticed an orc warlord
 21993 | Orc:2    | Killed an orc warlord
 22089 | Orc:2    | Noticed Blork the orc
 22089 | Orc:2    | Found a roughly hewn altar of Beogh.
 22111 | Orc:2    | Killed Blork the orc
 22187 | Orc:2    | Noticed Urug
 22202 | Orc:2    | Killed Urug
 22411 | Orc:2    | Paralysed by an orc sorcerer for 2 turns
 22428 | Orc:2    | Found Yfeucy's Antique Armour Boutique.
 22434 | Orc:2    | Found Difibak's General Store.
 22463 | Orc:2    | Bought a jewelled chain mail for 332 gold pieces
 22546 | Orc:2    | Found Gogo's Jewellery Boutique.
 22692 | Orc:2    | Found Xioli's Antique Weapon Boutique.
 22710 | Orc:2    | Identified the +4 chain mail of Understanding {+Fly rElec rF- rCorr Str+4} (You bought it in a shop on level 2 of the Orcish Mines)
 22992 | D:13     | Got a pair of ichor-stained gloves
 23003 | D:13     | Identified the +4 pair of gloves of Baldness {rC+ Int+2} (You acquired it on level 13 of the Dungeon)
 23242 | D:13     | Reached skill level 15 in Armour
 23255 | D:13     | Found a gate to the Vaults.
 23746 | D:14     | Noticed Azrael
 23769 | D:14     | Killed Azrael
 23769 | D:14     | Reached skill level 15 in Shields
 23778 | D:14     | Reached skill level 15 in Fighting
 23850 | D:14     | Reached skill level 15 in Axes
 24009 | D:14     | Reached XP level 16. HP: 149/149 MP: 19/19
 24088 | D:14     | Found an iron altar of Okawaru.
 24306 | D:14     | Got an ichor-stained scimitar
 24307 | D:14     | Identified the +11 scimitar "Wupteck" {slice, rN+ Str+2} (You found it on level 14 of the Dungeon)
 24496 | D:15     | Entered Level 15 of the Dungeon
 25382 | D:15     | Found a staircase to the Depths.
 25659 | Snake:1  | Entered Level 1 of the Snake Pit
 26262 | Snake:2  | Noticed Donald
 26275 | Snake:2  | Killed Donald
 26403 | Snake:2  | Noticed Vashnia
 26461 | Snake:2  | Killed Vashnia
 26503 | Snake:2  | Reached skill level 16 in Armour
 26578 | Snake:2  | Killed from afar by a nagaraja

Vault maps used:
D:1:      saegor_arrival_under_anarchy
D:2:      first_ration, nemelex_spade_bored_becter, uniq_robin, uniq_terence
D:3:      chequers_ecumenical_altar_island, uniq_crazy_yiuf_cottage
D:4:      old_standard_altar
D:6:      kennysheep_mini, uniq_prince_ribbit1
D:7:      xom_butterflies, minmay_temple_entry_hall, abandoned_shop,
          grunt_livestock, grunt_decor_clamped
D:8:      nicolae_overflow_hidden_temple, minmay_lair_entry_grove, serial_shops,
          nicolae_shop_behind_doors, xom_confusion_cloud, uniq_maurice
D:9:      minmay_shrinking_squares, old_standard_altar
D:10:     grunt_ministairs_7, serial_bayou_pond_d, hangedman_minor_magic
D:11:     david_orc_5, elyvilon_altar_1
D:13:     grunt_vaults_entry_fortified
D:14:     basic_altar, minmay_crystal_room, kennysheep_generic_room_11,
          uniq_azrael
D:15:     grunt_enter_depths_magical_seal, minmay_misc_feat_tiny,
          minmay_misc_feat_x
Temple:   oiseaux_autumnal_temple
Lair:1:   minmay_guarded_unrand_snakebite, grunt_megastairs_3,
          serial_bayou_shore_a
Lair:2:   nicolae_volcano_entry_hallway, grunt_megastairs_2
Lair:3:   special_room, serial_bayou_ford_a
Lair:4:   beast_lair_carwin_large_2, minmay_swamp_entry_worms,
          minmay_snake_entry_guardpost_small, lemuel_fruit_fields,
          serial_bayou_shore_b, lemuel_fruit_fields, infiniplex_staircase_pool,
          uniq_kirke
Lair:6:   wormcave, hangedman_lair_tendril_chambers, dpeg_slime_entry_corner,
          hangedman_lair_generics_rect, uniq_rupert
Snake:1:  special_room, spider_trap
Snake:2:  minmay_shoptagon, uniq_aizul, uniq_vashnia, uniq_donald
Orc:1:    bh_open_orc_temple
Orc:2:    grunt_orc_cross
Volcano:  volcano_bunker

Skill      XL: |  1  2  3  4  5  6  7  8  9 10 11 12 13 14 15 16 |
---------------+-------------------------------------------------+-----
Dodging        | 1 2 3 4 5 6 8 9 10 11 12 13 14 | 14.3
Fighting       | 4 5 6 7 8 9 11 12 13 14 15 | 15.8
Armour         | 4 5 6 7 8 9 11 12 13 14 15 16 | 16.0
Shields        | 4 5 6 7 8 9 11 12 13 14 15 | 15.8
Axes           | 3 4 5 6 8 9 10 11 12 13 15 | 15.8
Invocations    | 2 5 6 |  6.0

Action                   |  1- 3 |  4- 6 |  7- 9 | 10-12 | 13-15 | 16-18 || total
-------------------------+-------+-------+-------+-------+-------+-------++-------
Melee: War axe           |    57 |   149 |   303 |   788 |  1534 |   412 ||  3243
       Headbutt          |     9 |    24 |    65 |   219 |   452 |   119 ||   888
       Whip              |     9 |       |       |     5 |       |       ||    14
       Scimitar          |       |       |       |     8 |    67 |       ||    75
       Unarmed           |       |       |       |       |     1 |       ||     1
Invok: Lesser Servant of |       |       |       |       |     2 |       ||     2
Evoke: Wand              |       |     3 |     7 |     7 |     4 |     7 ||    28
  Use: Scroll            |       |       |     8 |    16 |    11 |     1 ||    36
       Potion            |       |       |     2 |     1 |     3 |     3 ||     9
 Stab: Paralysed         |       |       |     5 |    14 |       |       ||    19
       Distracted        |       |       |       |       |     2 |       ||     2
  Eat: Chunk             |       |     8 |    10 |    16 |    28 |     5 ||    67
       Ration            |       |       |     1 |     3 |     1 |     1 ||     6
Armor: Scale mail        |    24 |    15 |       |   154 |    32 |       ||   225
       Chain mail        |       |    51 |   145 |    50 |       |       ||   246
       Skin              |       |       |       |     2 |       |       ||     2
       Plate armour      |       |       |       |       |   594 |   133 ||   727
Dodge: Dodged            |    21 |    46 |    93 |   382 |   731 |   129 ||  1402
Block: Shield            |    34 |    85 |   168 |   499 |  1149 |   223 ||  2158
       Reflection        |       |       |       |       |       |    14 ||    14
       Rpst.: Scimitar   |       |       |       |       |     8 |       ||     8

Table legend:
 A = Spawn XP
 B = Non-spawn XP
 C = Spawn XP percentage of total XP
 D = Spawn monster count
 E = Non-spawn monster count
 F = Spawn count percentage of total count
 G = Total turns spent on level
                    A         B        C        D         E        F      G
               +---------+---------+-------+---------+---------+-------+---------
         Total |    2521 |  193943 |   1.3 |       7 |     900 |   0.8 | 26578
               +---------+---------+-------+---------+---------+-------+---------
           D:1 |       0 |      59 |   0.0 |       0 |      27 |   0.0 |   853
           D:2 |       0 |     184 |   0.0 |       0 |      46 |   0.0 |   928
           D:3 |       0 |     415 |   0.0 |       0 |      26 |   0.0 |  1437
           D:4 |       0 |     317 |   0.0 |       0 |      13 |   0.0 |   586
           D:5 |       0 |    1279 |   0.0 |       0 |      24 |   0.0 |   485
           D:6 |       0 |     431 |   0.0 |       0 |      14 |   0.0 |  1294
           D:7 |       0 |    2971 |   0.0 |       0 |      39 |   0.0 |  2078
           D:8 |       0 |    7184 |   0.0 |       0 |      53 |   0.0 |  2113
           D:9 |       0 |    2819 |   0.0 |       0 |      23 |   0.0 |   854
          D:10 |       0 |    4769 |   0.0 |       0 |      48 |   0.0 |  1416
          D:11 |       0 |    4455 |   0.0 |       0 |      40 |   0.0 |  1188
          D:12 |       0 |    7458 |   0.0 |       0 |      30 |   0.0 |  1546
          D:13 |       0 |   18601 |   0.0 |       0 |      39 |   0.0 |   803
          D:14 |       0 |   13255 |   0.0 |       0 |      43 |   0.0 |   768
          D:15 |       0 |   15568 |   0.0 |       0 |      54 |   0.0 |   993
        Lair:1 |       0 |    7950 |   0.0 |       0 |      37 |   0.0 |   783
        Lair:2 |       0 |    5302 |   0.0 |       0 |      21 |   0.0 |   895
        Lair:3 |       0 |    6337 |   0.0 |       0 |      40 |   0.0 |   889
        Lair:4 |       0 |   15554 |   0.0 |       0 |      49 |   0.0 |  1039
        Lair:5 |       0 |    4271 |   0.0 |       0 |      18 |   0.0 |   619
        Lair:6 |       0 |   29415 |   0.0 |       0 |      83 |   0.0 |  1485
       Snake:1 |       0 |    5926 |   0.0 |       0 |      13 |   0.0 |   523
       Snake:2 |       0 |   18549 |   0.0 |       0 |      22 |   0.0 |   396
         Orc:1 |       0 |    5387 |   0.0 |       0 |      37 |   0.0 |   598
         Orc:2 |       0 |    8816 |   0.0 |       0 |      50 |   0.0 |  1200
       Abyss:2 |    2521 |       0 | 100.0 |       7 |       0 | 100.0 |   299
       Volcano |       0 |    6671 |   0.0 |       0 |      11 |   0.0 |   259
               +---------+---------+-------+---------+---------+-------+---------
